 Dungeon Crawl Stone Soup version 0.22-a0-542-gce4f928 (webtiles) character file.

12453 vierth the Cleaver (level 11, -4/101 HPs)
             Began as a Minotaur Fighter on June 24, 2018.
             Was an Elder of Trog.
             Slain by a wraith (7 damage)
             ... led by Josephine
             ... on level 11 of the Dungeon.
             The game lasted 00:22:11 (10877 turns).

vierth the Cleaver (Minotaur Fighter)              Turns: 10877, Time: 00:22:13

Health: -4/101     AC: 12    Str: 26    XL:     11   Next: 62%
Magic:  10/10      EV: 14    Int:  5    God:    Trog [****..]
Gold:   601        SH:  0    Dex: 10    Spells: 10/10 levels left

rFire    . . .     SeeInvis .   D - +0 battleaxe
rCold    + . .     Gourm    .   (shield currently unavailable)
rNeg     + . .     Faith    .   E - +2 ring mail "Rafoc" {rC+ Regen+ Str+2 Stlth+}
rPois    .         Spirit   .   (helmet restricted)
rElec    .         Reflect  .   (no cloak)
rCorr    .         Harm     .   (no gloves)
MR       .....                  a - +1 pair of boots
Stlth    +.........             (no amulet)
HPRegen  0.66/turn              y - +4 ring of evasion
MPRegen  0.12/turn              p - ring of positive energy

@: lethally poisoned (-4 -> -4), berserk cooldown, slowed, very slow
A: retaliatory headbutt, horns 2
a: Berserk, Trog's Hand, Brothers in Arms, Renounce Religion


You were on level 11 of the Dungeon.
You worshipped Trog.
Trog was greatly pleased with you.
You were not hungry.

You visited 2 branches of the dungeon, and saw 12 of its levels.

You collected 601 gold pieces.

Inventory:

Hand Weapons
 j - a +0 mace
 m - a cursed -1 flail
 D - a +0 battleaxe (weapon)
Armour
 a - a +1 pair of boots (worn)
 E - the +2 ring mail "Rafoc" (worn) {rC+ Regen+ Str+2 Stlth+}
   (You found it on level 9 of the Dungeon)

   It affects your strength (+2).
   It protects you from cold.
   It increases your rate of regeneration.
   It makes you more stealthy.
Jewellery
 n - an uncursed ring of ice
 p - a ring of positive energy (right hand)
 y - a +4 ring of evasion (left hand)
Wands
 h - a wand of iceblast (8)
 v - a wand of clouds (4)
Scrolls
 b - a scroll of random uselessness {unknown}
 c - a scroll of enchant weapon
 e - a scroll of fog
 l - 2 scrolls of teleportation
 r - a scroll of enchant armour
 t - a scroll of fear {unknown}
 u - a scroll of immolation {unknown}
 w - a scroll of remove curse
 A - 15 scrolls of identify
Potions
 d - 2 potions of might
 g - 3 potions of degeneration {unknown}
 i - a potion of magic {unknown}
 k - 2 potions of mutation
 o - a potion of lignification
 q - 5 potions of heal wounds {unknown}
 s - 2 potions of curing {unknown}
 x - a potion of invisibility {unknown}
 z - 2 potions of berserk rage {unknown}
 B - a potion of agility {unknown}
 C - a potion of cancellation {unknown}
 G - a potion of resistance {unknown}
 H - 2 potions of flight {unknown}
 I - 3 potions of haste {unknown}
Comestibles
 f - 10 rations


   Skills:
 + Level 10.9 Fighting
 * Level 14.3 Axes
 + Level 11.0 Armour
   Level 9.1 Shields


You had 10 spell levels left.
You didn't know any spells.
Your spell library was empty.

Dungeon Overview and Level Annotations

Branches:
Dungeon (11/15)            Temple (1/1) D:5            Lair (0/6) D:11
    Orc (0/2) D:9

Altars:
Ashenzari
Dithmenos
Fedhas
Hepliaklqana
Makhleb
Okawaru
Qazlal
Ru
Sif Muna
Trog
Uskayaw
Vehumet
Wu Jian
Xom
Yredelemnul
Zin

Annotations:
D:9 1 runed door, exclusions: oklob plant and oklob sapling, kae's ghost, novice DsTm


Innate Abilities, Weirdness & Mutations

You reflexively headbutt those who attack you in melee.
You have a pair of horns on your head.


Message History

You slash the wraith!
You destroy the wraith!
Trog accepts your kill. The wraith misses you.
You hit the wraith but do no damage. The wraith hits you.
* * * LOW HITPOINT WARNING * * *
You hit the wraith. Your headbutt misses the wraith.
The wraith is moderately damaged.
You feel sick. The wraith hits you but does no damage.
You slash the wraith!
The wraith is severely damaged.
The wraith hits you!
* * * LOW HITPOINT WARNING * * *
The wraith drains your vigour!
You feel as though you will be slow longer.
The wraith misses you.
You hit the wraith but do no damage.
The wraith is severely damaged.
The wraith hits you!
You die...

###### #.....# ##.......
##........ #########
######.........
#.......####.@W...........
####.......##..)#####?.......
..............### #........
####........### ##....... #
########..... #.....# #
#####.. ..#### ###### #.#
.....### .# ####)).####


You could see a wraith.

Vanquished Creatures
  Josephine (D:11)
  4 two-headed ogres
  An unseen horror (D:11)
  Pikel (D:6)
  Maurice (D:8)
  Psyche (D:10)
  2 trolls
  A hornet (D:9)
  2 hippogriffs
  A spriggan (D:7)
  3 wraiths (D:11)
  12 yaks
  An acid dragon (D:11)
  A water moccasin (D:9)
  Duvessa (D:6)
  4 porcupines (D:11)
  A sky beast (D:9)
  2 slaves (D:6)
  3 orc warriors
  2 ice beasts
  A black bear (D:5)
  4 centaurs
  2 ogres
  2 crocodiles (D:11)
  2 big kobolds
  3 bullfrogs (D:9)
  Dowan (D:6)
  4 scorpions
  5 killer bees (D:9)
  5 wights (D:7)
  3 jellies
  3 crimson imps
  5 howler monkeys
  2 bullfrog zombies
  2 hounds
  2 orc priests
  5 orc wizards
  4 iguanas
  6 worker ants
  A mummy (D:7)
  A worker ant zombie (D:5)
  Robin (D:2)
  14 adders
  3 gnolls
  A shadow imp (D:6)
  An adder skeleton (D:5)
  4 worms
  4 dart slugs
  A leopard gecko (D:1)
  30 orcs
  2 giant cockroaches
  15 goblins
  7 hobgoblins
  11 jackals
  7 kobolds
  3 quokkas
  8 ball pythons
  4 bats
  4 frilled lizards
  A goblin zombie (D:7)
  A kobold zombie (D:7)
  A leopard gecko skeleton (D:7)
  A quokka skeleton (D:9)
  2 rats
234 creatures vanquished.

Vanquished Creatures (others)
  A fungus (D:9)
  3 plants (D:9)
4 creatures vanquished.

Grand Total: 238 creatures vanquished

Notes
Turn   | Place    | Note
-------+----------+-------------------------------------------
     0 | D:1      | vierth the Minotaur Fighter began the quest for the Orb.
     0 | D:1      | Reached XP level 1. HP: 19/19 MP: 0/0
   380 | D:1      | Reached XP level 2. HP: 27/27 MP: 1/1
   499 | D:1      | Reached skill level 3 in Axes
   861 | D:2      | Reached XP level 3. HP: 20/33 MP: 2/2
  1223 | D:2      | Noticed Robin
  1231 | D:2      | Killed Robin
  1231 | D:2      | Reached XP level 4. HP: 40/40 MP: 3/3
  1579 | D:3      | Reached skill level 4 in Axes
  2323 | D:4      | Reached XP level 5. HP: 35/47 MP: 4/4
  2590 | D:4      | Reached skill level 5 in Axes
  3017 | D:4      | Reached XP level 6. HP: 41/55 MP: 5/5
  3637 | D:5      | Entered Level 5 of the Dungeon
  3640 | D:5      | Reached skill level 5 in Shields
  3659 | D:5      | Reached skill level 5 in Fighting
  3659 | D:5      | Reached skill level 5 in Armour
  4108 | D:5      | Found a basalt altar of Yredelemnul.
  4333 | D:5      | Found a staircase to the Ecumenical Temple.
  4349 | Temple   | Entered the Ecumenical Temple
  4401 | Temple   | Became a worshipper of Trog the Wrathful
  4508 | D:5      | Noticed an ice beast
  4516 | D:5      | Killed an ice beast
  4516 | D:5      | Reached skill level 6 in Axes
  4516 | D:5      | Reached XP level 7. HP: 58/61 MP: 6/6
  5054 | D:5      | Reached skill level 7 in Axes
  5411 | D:6      | Noticed a hippogriff
  5429 | D:6      | Reached XP level 8. HP: 70/70 MP: 7/7
  5442 | D:7      | Noticed a two-headed ogre
  5452 | D:6      | Killed a hippogriff
  5452 | D:6      | Reached * piety under Trog
  5662 | D:6      | Reached skill level 8 in Axes
  5819 | D:6      | Noticed Duvessa
  5819 | D:6      | Noticed Dowan
  5843 | D:6      | Killed Duvessa
  5861 | D:6      | Killed Dowan
  6191 | D:6      | Noticed Pikel
  6206 | D:6      | Killed Pikel
  6206 | D:6      | Reached skill level 9 in Axes
  6206 | D:6      | Reached XP level 9. HP: 51/79 MP: 8/8
  7144 | D:7      | Found a faded altar of an unknown god.
  7144 | D:7      | Found a shattered altar of Ashenzari.
  7149 | D:7      | Found a blossoming altar of Fedhas.
  7151 | D:7      | Found a faded altar of an unknown god.
  7152 | D:7      | Found an iron altar of Okawaru.
  7188 | D:7      | Reached skill level 10 in Axes
  7323 | D:7      | Killed a two-headed ogre
  7577 | D:8      | Found a hide-covered altar of Uskayaw.
  7596 | D:8      | Noticed Maurice
  7626 | D:8      | Reached ** piety under Trog
  7658 | D:8      | Killed Maurice
  7658 | D:8      | Reached skill level 11 in Axes
  7658 | D:8      | Reached XP level 10. HP: 90/90 MP: 9/9
  8801 | D:9      | Found a blossoming altar of Fedhas.
  8850 | D:9      | Noticed an oklob plant
  9167 | D:9      | Got a scorched ring mail
  9273 | D:9      | Found a sacrificial altar of Ru.
  9480 | D:9      | Found a staircase to the Orcish Mines.
  9503 | D:9      | Noticed a two-headed ogre
  9522 | D:8      | Identified the +2 ring mail "Rafoc" {rC+ Regen+ Str+2 Stlth+} (You found it on level 9 of the Dungeon)
  9541 | D:9      | Killed a two-headed ogre
  9541 | D:9      | Reached skill level 12 in Axes
  9710 | D:9      | Reached *** piety under Trog
  9713 | D:9      | Paralysed by a hornet for 1 turns
  9740 | D:9      | Found a runed door.
  9740 | D:9      | Noticed kae's ghost (novice DsTm)
  9943 | D:10     | Entered Level 10 of the Dungeon
 10009 | D:10     | Noticed a two-headed ogre
 10014 | D:10     | Killed a two-headed ogre
 10192 | D:10     | Noticed Psyche
 10204 | D:10     | Killed Psyche
 10392 | D:10     | Noticed a two-headed ogre
 10399 | D:10     | Killed a two-headed ogre
 10399 | D:10     | Reached skill level 10 in Fighting
 10399 | D:10     | Reached skill level 13 in Axes
 10399 | D:10     | Reached skill level 10 in Armour
 10399 | D:10     | Reached XP level 11. HP: 99/99 MP: 10/10
 10660 | D:11     | Found a staircase to the Lair.
 10834 | D:11     | Noticed Josephine
 10856 | D:11     | Killed Josephine
 10856 | D:11     | Reached **** piety under Trog
 10859 | D:11     | Killed an unseen horror
 10859 | D:11     | Reached skill level 14 in Axes
 10876 | D:11     | HP: 2/101 [wraith[Josephine] (8)]
 10877 | D:11     | Slain by a wraith

Vault maps used:
D:1:      lightli_arrival_statue_moat
D:2:      uniq_robin
D:3:      first_ration, minmay_tree_intersection, corexii_shack
D:5:      yredelemnul_altar_generic, minmay_temple_entry_junction
D:6:      uniq_duvessa, uniq_pikel
D:7:      chequers_temple_overflow_minitemple, nicolae_ossuary_entry_giza,
          the_bakery
D:8:      overflow_temple_1_default, uniq_maurice
D:9:      marbit_many_paths, orc_0_dummy, ebering_ghost_funeral_grove,
          hex_medium, small_chamber_with_monster, introduction_to_nature_1
D:10:     uniq_psyche
D:11:     minmay_lair_entry_grove, uniq_josephine, uniq_urug
Temple:   eino_temple_rhombus

Skill      XL: |  1  2  3  4  5  6  7  8  9 10 11 |
---------------+----------------------------------+-----
Axes           | 3 4 5 6 7 9 11 13 14 | 14.3
Fighting       | 4 5 6 7 8 10 | 10.9
Shields        | 4 5 6 7 8 9 |  9.1
Armour         | 4 5 6 7 8 10 11 | 11.0

Action                   |  1- 3 |  4- 6 |  7- 9 | 10-12 || total
-------------------------+-------+-------+-------+-------++-------
Melee: War axe           |    60 |   135 |   203 |     8 ||   406
       Headbutt          |    13 |    27 |    33 |    33 ||   106
       Battleaxe         |       |       |       |   188 ||   188
Invok: Berserk           |       |       |     2 |     6 ||     8
  Use: Scroll            |       |     6 |     1 |     2 ||     9
  Eat: Ration            |     1 |     2 |     3 |     5 ||    11
       Chunk             |       |     1 |     1 |       ||     2
Armor: Scale mail        |    30 |    60 |    23 |       ||   113
       Ring mail         |       |       |    20 |    90 ||   110
Dodge: Dodged            |    18 |    51 |    81 |   208 ||   358
Block: Shield            |    35 |    66 |   119 |     4 ||   224

Table legend:
 A = Spawn XP
 B = Non-spawn XP
 C = Spawn XP percentage of total XP
 D = Spawn monster count
 E = Non-spawn monster count
 F = Spawn count percentage of total count
 G = Total turns spent on level
                    A         B        C        D         E        F      G
               +---------+---------+-------+---------+---------+-------+---------
         Total |       0 |   17791 |   0.0 |       0 |     232 |   0.0 | 10877
               +---------+---------+-------+---------+---------+-------+---------
           D:1 |       0 |      23 |   0.0 |       0 |      11 |   0.0 |   809
           D:2 |       0 |      97 |   0.0 |       0 |      27 |   0.0 |   727
           D:3 |       0 |      56 |   0.0 |       0 |      15 |   0.0 |   770
           D:4 |       0 |     241 |   0.0 |       0 |      12 |   0.0 |  1331
           D:5 |       0 |     878 |   0.0 |       0 |      27 |   0.0 |  1446
           D:6 |       0 |    1818 |   0.0 |       0 |      21 |   0.0 |  1318
           D:7 |       0 |    1583 |   0.0 |       0 |      19 |   0.0 |  1058
           D:8 |       0 |    1124 |   0.0 |       0 |      10 |   0.0 |  1143
           D:9 |       0 |    3172 |   0.0 |       0 |      43 |   0.0 |  1272
          D:10 |       0 |    2594 |   0.0 |       0 |      13 |   0.0 |   726
          D:11 |       0 |    6205 |   0.0 |       0 |      34 |   0.0 |   208
               +---------+---------+-------+---------+---------+-------+---------
